 Dungeon Sprint DCSS version 0.17-a0-1646-geb1493d (webtiles) character file.

2051 nuthulu the Grappler (level 9, -11/96 HPs)
             Began as a Troll Hunter on Aug 10, 2015.
             Mangled by a tentacle (12 damage)
             ... attached to a kraken
             ... in the Dungeon (Sprint II: "The Violet Keep of Menkaure").
             The game lasted 00:02:48 (369 turns).

nuthulu the Grappler (Troll Hunter)                  Turns: 369, Time: 00:02:48

Health: -11/96     AC:  5    Str: 27      XL:     9   Next: 4%
Magic:  8/8        EV: 14    Int:  5 (7)  God:
Gold:   2          SH:  0    Dex: 13      Spells: 0 memorised, 8 levels left

rFire  . . .     SeeInvis .       - Unarmed
rCold  . . .     Clarity  .     d - +0 robe
rNeg   . . .     SustAt   .     (no shield)
rPois  .         Gourm    +     (helmet restricted)
rElec  .         Spirit   .     (no cloak)
rCorr  .         Warding  .     (gloves unavailable)
rMut   .         NoTele   +     (boots unavailable)
MR     .....                    (no amulet)
Stlth  +.........               (no ring)
                                (no ring)

@: mighty, not resistant to hostile enchantments, very unstealthy
A: unfitting armour, claws 3, fast metabolism 3, gourmand, regeneration 2,
shaggy fur 1, tough skin 2
a: no special abilities


You were in the Dungeon.
You were not hungry.

You visited 1 branch You collected 972 gold pieces.
You spent 970 gold pieces at shops.

Inventory:

Missiles
 a - 3 large rocks (quivered)
 b - 2 throwing nets
Armour
 d - a +0 robe (worn)
Scrolls
 k - 2 scrolls of blinking
 m - a scroll of enchant armour
Potions
 c - a potion of heal wounds
 f - a potion of curing
 g - a potion of flight
 h - a potion of haste
 i - 2 potions of magic
 j - a potion of berserk rage
Comestibles
 e - 2 bread rations


   Skills:
 + Level 8.2 Fighting
 + Level 9.5 Throwing
 + Level 8.3 Dodging
 - Level 0.4 Stealth
 + Level 9.6 Unarmed Combat


You had 8 spell levels left.
You didn't know any spells.

Dungeon Overview and Level Annotations

Branches:
Dungeon (1/1)

Altars:

Shops:
D =(:[%=*[!!:[!}?(

Annotations:
D exclusion: oklob plant


Innate Abilities, Weirdness & Mutations

You are too large for most types of armour.
You have claws for hands.
Your metabolism is lightning-fast.
You like to eat raw meat.
You heal very quickly.
You are covered in fur (AC +1).
You have very tough skin (AC +2).


Message History

The tentacle is engulfed in a cloud of scalding steam. x3
The tentacle closely misses you.
Unknown command.
You barely miss the tentacle.
The tentacle is lightly wounded.
The tentacle is engulfed in a cloud of scalding steam.
The tentacle slaps you!!
* * * LOW HITPOINT WARNING * * *
Unknown command.
Drink which item? (? for menu, Esc to quit)
You feel very mighty all of a sudden.
The tentacle is engulfed in a cloud of scalding steam.
The tentacle closely misses you.
The tentacle is engulfed in a cloud of scalding steam.
The tentacle slaps you!!
* * * LOW HITPOINT WARNING * * *
You claw the tentacle!
The tentacle is moderately wounded.
The tentacle slaps you!
You die...

≈## #####≈≈#+++
####≈≈≈...
...#≈≈≈≈.##+##
..∩#≈≈≈≈##.#.##
.∩.#≈≈≈≈#..#..#
∩.∩#≈≈####...####
.∩.#≈##.###÷###.##
∩..#≈#...##.##..@#
...'≈+.#)'.<.'.##w..#
...#≈#...##.####
#*w..# ▓###≈##.###'#


Xw.... ####≈≈####.#### ..§.. ##≈≈≈#.##..# ≈≈≈§. . +#≈##...# ≈≈≈§ # ≈≈##+## ≈§≈≈
#. ≈≈ You could see a kraken and 3 tentacles.

Vanquished Creatures
  A siren (D)
  Menkaure (D)
  4 necrophages (D)
  4 brain worms (D)
  2 worms (D)
  A tentacle (D)
13 creatures vanquished.

Vanquished Creatures (others)
  37 tentacle segments (D)
37 creatures vanquished.

Grand Total: 50 creatures vanquished

Notes
Turn   | Place    | Note
--------------------------------------------------------------
     0 | D        | nuthulu the Troll Hunter began the quest for the Orb.
     0 | D        | Reached XP level 1. HP: 19/19 MP: 0/0
     2 | D        | Noticed a siren
    16 | D        | Killed a siren
    16 | D        | Reached skill level 5 in Fighting
    16 | D        | Reached skill level 7 in Throwing
    16 | D        | Reached skill level 5 in Dodging
    16 | D        | Reached XP level 2. HP: 19/36 MP: 1/1
    16 | D        | Reached XP level 3. HP: 23/44 MP: 2/2
    16 | D        | Reached XP level 4. HP: 27/52 MP: 3/3
    16 | D        | Reached XP level 5. HP: 30/59 MP: 4/4
    16 | D        | Reached XP level 6. HP: 34/67 MP: 5/5
    74 | D        | Noticed a necrophage
    74 | D        | Noticed a necrophage
    74 | D        | Noticed a necrophage
    74 | D        | Noticed a necrophage
    78 | D        | Killed a necrophage
    83 | D        | Killed a necrophage
    88 | D        | Killed a necrophage
    88 | D        | Reached skill level 8 in Throwing
    88 | D        | Reached XP level 7. HP: 73/76 MP: 6/6
    92 | D        | Killed a necrophage
   111 | D        | Noticed a brain worm
   116 | D        | Killed a brain worm
   118 | D        | Noticed a brain worm
   121 | D        | Killed a brain worm
   122 | D        | Noticed a brain worm
   122 | D        | Noticed a brain worm
   127 | D        | Killed a brain worm
   130 | D        | Killed a brain worm
   271 | D        | Found Secomam's Antique Armour Shop.
   271 | D        | Found Vyqonu's Gadget Shop.
   271 | D        | Found Caomerghu's Distillery.
   271 | D        | Found Ozirol's Weapon Shop.
   271 | D        | Found Rykaise's Book Boutique.
   271 | D        | Found Meizap Wime's Distillery.
   272 | D        | Found Viriud's Distillery.
   272 | D        | Found Leuqi's Antique Armour Shop.
   272 | D        | Found Virchir's Magic Scroll Boutique.
   273 | D        | Found Gufehus's General Store.
   273 | D        | Found Feafiack's Jewellery Boutique.
   273 | D        | Noticed a hippogriff
   274 | D        | Noticed a hippogriff
   275 | D        | Found Fynu's Food Boutique.
   275 | D        | Found Wiwotsa's Antique Armour Shop.
   275 | D        | Noticed Menkaure
   275 | D        | Noticed a hippogriff
   275 | D        | Noticed an oklob plant
   276 | D        | Found Orcher's Antique Weapon Shop.
   276 | D        | Found Doerae's Jewellery Boutique.
   276 | D        | Found Anlux's Book Shoppe.
   276 | D        | Noticed a shining eye
   276 | D        | Noticed a shining eye
   280 | D        | Noticed a shining eye
   284 | D        | Noticed a redback
   286 | D        | Noticed a redback
   287 | D        | Killed Menkaure
   287 | D        | Reached XP level 8. HP: 68/87 MP: 7/7
   306 | D        | Bought a potion of heal wounds for 70 gold pieces
   306 | D        | Bought a potion of flight for 42 gold pieces
   307 | D        | Bought a potion of heal wounds for 60 gold pieces
   307 | D        | Bought a potion of experience for 600 gold pieces
   307 | D        | Reached skill level 9 in Throwing
   307 | D        | Reached XP level 9. HP: 88/96 MP: 8/8
   329 | D        | Bought a potion of might for 48 gold pieces
   332 | D        | Bought a scroll of blinking for 75 gold pieces
   332 | D        | Bought a scroll of enchant armour for 75 gold pieces
   358 | D        | Noticed a kraken
   368 | D        | HP: 1/96 [tentacle[a kraken] (23)]
   369 | D        | Mangled by a tentacle

Vault maps used:
D:        the_violet_keep_of_menkaure

Action                   |  1- 3 |  4- 6 |  7- 9 || total
-------------------------+-------+-------+-------++-------
Melee: Unarmed           |     8 |    13 |    34 ||    55
Throw: Large rock        |     5 |     1 |     3 ||     9
  Use: Potion            |       |       |     4 ||     4
 Stab: Sleeping          |       |       |     1 ||     1
  Eat: Chunk             |       |     2 |     1 ||     3
